 Dungeon Crawl Stone Soup version 0.29-a0-1047-g7c58e119a4 (webtiles) character file.

Game seed: 3353597816436208701

18 ytrimaz the Insei (level 2, -7/21 HPs)
             Began as a Demonspawn Transmuter on Aug 16, 2022.
             Mangled by an iguana (10 damage)
             ... on level 2 of the Dungeon.
             The game lasted 00:00:47 (664 turns).

ytrimaz the Insei (Demonspawn Transmuter)            Turns: 664, Time: 00:00:47

Health: -7/21      AC:  2    Str: 10    XL:     2   Next: 51%
Magic:  5/5        EV: 12    Int: 14    God:
Gold:   54         SH:  0    Dex: 13    Spells: 2/5 levels left

rFire   . . .      SeeInvis .     - Unarmed
rCold   . . .      Faith    .   (no shield)
rNeg    . . .      Spirit   .   a - +0 robe
rPois   .          Reflect  .   (helmet currently unavailable)
rElec   .          Harm     .   (no cloak)
rCorr   .          Rampage  .   (no gloves)
Will    .....                   (boots currently unavailable)
Stlth   +.........              (no amulet)
HPRegen 0.07/turn               (no ring)
MPRegen 0.09/turn               (no ring)

@: appendages (expiring)
A: horns 2, talons 2, demonic guardian 1
a: End Transformation


You were on level 2 of the Dungeon.
You had temporarily grown beastly horns and talons.
You visited 1 branch of the dungeon, and saw 2 of its levels.

You collected 54 gold pieces.

Inventory:

Armour
 a - a +0 robe (worn)
Scrolls
 b - a scroll of enchant weapon {unknown}
 d - a scroll of noise {unknown}


   Skills:
 - Level 1.0 Fighting
 - Level 1.7 Dodging
 + Level 3.3 Unarmed Combat
 - Level 2.0 Spellcasting
 * Level 2.1 Transmutations


You had 2 spell levels left.
You knew the following spells:

 Your Spells              Type           Power      Damage    Failure   Level
a - Beastly Appendage     Tmut           14%        N/A       10%         1
b - Wereblood             Tmut           7%         N/A       14%         2

Your spell library contained the following spells:

 Spells                   Type           Power      Damage    Failure   Level
 Spider Form              Tmut/Pois      4%         N/A       41%         3
 Ice Form                 Ice/Tmut       4%         N/A       83%         4


Dungeon Overview and Level Annotations

Branches:
Dungeon (2/15)

Altars:


Innate Abilities, Weirdness & Mutations

You have temporarily grown beastly horns and talons.
A weak demonic guardian rushes to your aid.


Message History

Unknown command.
Found a scroll labelled ALAEJI PUXZE.
You now have 54 gold pieces (gained 7).
Your horns disappear.
Your talons disappear.
b - a scroll labelled ALAEJI PUXZE
d - a scroll labelled WAMIAM PENELU A bat comes into view.
A bat is nearby!
A bat is nearby!
A bat is nearby!
Found 5 gold pieces.
An iguana comes into view.
Found a shiny buckler.
The bat hits you but does no damage. The bat barely misses you.
You grow a pair of large bovine horns.
Your feet morph into talons.
The iguana hisses angrily.
The bat hits you but does no damage. The bat hits you but does no damage.
You miss the bat. Your kick misses the bat. Your headbutt misses the bat.
The bat closely misses you. The bat barely misses you.
The bat closely misses you. The iguana attacks as you move away!
The iguana bites you! The bat barely misses you.
The bat attacks as you move away! The bat closely misses you.
The iguana attacks as you move away! The iguana barely misses you.
The bat hits you but does no damage. The iguana attacks as you move away!
The iguana closely misses you. The bat attacks as you move away!
The bat hits you but does no damage. The bat closely misses you.
Your transformation is almost over.
The bat hits you but does no damage.
It was a potion of mutation.
You feel extremely strange. The bat hits you but does no damage.
The iguana bites you!
* * * LOW HITPOINT WARNING * * *
A demonic guardian appears!
Unknown command.
You swap places.
Your iron imp hits the iguana.
The iguana attacks as you move away! The iguana bites you!
You die...

#...........#
#...........#
#...........#
##..........#
#..........#
#..####.#### ##b## .#
#5l# .# ##@# .# . #.#
.# _.. #.## .# ....
#####..##.#.....
#.......#.#.....
##.####..........
#................
#..............##
#######...........##.#


You could see an iguana (ally target), a bat and a friendly iron imp (summoned).

Vanquished Creatures
  A ball python (D:1)
  A bat (D:1)
  An endoplasm (D:1)
  A giant cockroach (D:2)
  A hobgoblin (D:1)
  5 jackals (D:1)
  A kobold (D:1)
  2 quokkas (D:1)
  A rat (D:1)
14 creatures vanquished.

Notes
Turn   | Place    | Note
-------+----------+-------------------------------------------
     0 | D:1      | ytrimaz the Demonspawn Transmuter began the quest for the
                  | Orb.
     0 | D:1      | Reached XP level 1. HP: 15/15 MP: 3/3
   320 | D:1      | Reached skill level 3 in Unarmed Combat
   325 | D:1      | Gained mutation: A weak demonic guardian rushes to your
                  | aid. [demonic ancestry]
   325 | D:1      | Reached XP level 2. HP: 12/21 MP: 5/5
   594 | D:1      | You fall into a shaft and drop 1 floor!
   603 | D:2      | Found a faded altar of an unknown god.
   607 | D:2      | Learned a level 2 spell: Wereblood
   664 | D:2      | Mangled by an iguana

Illustrated notes

Levels and vault maps discovered:
D:1:      dpeg_arrival_solitude, layout_loops_ring, minmay_pentomino_q2
D:2:      layout_basic, basic_ecumenical_altar

Skill      XL: |  1 |
---------------+----+-----
Unarmed Combat | 3 |  3.3
Transmutations | 2 |  2.1
Fighting       | |  1.0
Dodging        | |  1.7
Spellcasting   | |  2.0

Action                   || total
-------------------------++-------
Melee: Unarmed           ||    38
       Headbutt          ||     4
       Kick              ||     6
 Cast: Beastly Appendage ||     5
  Use: Potion            ||     2
Armor: Skin              ||    11
       Robe              ||    13
Dodge: Dodged            ||    35

Table legend: (Time is in decaauts)
 A = Elapsed time spent in this place.
 B = Non-inter-level travel time spent in this place.
 C = Inter-level travel time spent in this place.
 D = Time resting spent in this place.
 E = Time spent auto-exploring this place.
 F = Levels seen in this place.
 G = Mean time per level.
                   A        B        C        D        E       F      G
               +--------+--------+--------+--------+--------+-----+--------+
         Total |    662 |    662 |      0 |    148 |    408 |   2 |  331.0 |
       Dungeon |    662 |    662 |      0 |    148 |    408 |   2 |  331.0 |
               +--------+--------+--------+--------+--------+-----+--------+

Top non-repeatable levels by time:
     D:1: 592 daAuts
     D:2: 69 daAuts
